 Dungeon Crawl Stone Soup version 0.17-a0-1403-g9df874c (webtiles) character file.

545 Kisielow the Slasher (level 7, -3/61 HPs)
             Began as a Minotaur Fighter on June 21, 2015.
             Killed by divine providence
             ... invoked by an orc priest
              (12 damage)
             ... on level 4 of the Dungeon.
             The game lasted 00:05:30 (3309 turns).

Kisielow the Slasher (Minotaur Fighter)             Turns: 3309, Time: 00:05:30

Health: -3/61      AC: 13    Str: 26    XL:     7   Next: 6%
Magic:  6/6        EV:  5    Int:  5    God:
Gold:   89         SH: 10    Dex:  9    Spells: 0 memorised, 6 levels left

rFire  . . .     SeeInvis .     a - +0 long sword
rCold  . . .     Clarity  .     d - +0 plate armour
rNeg   . . .     SustAt   +     c - +0 shield
rPois  .         Gourm    .     (helmet restricted)
rElec  .         Spirit   .     (no cloak)
rCorr  .         Warding  .     h - +0 pair of gloves
rMut   .         Stasis   .     (no boots)
MR     .....                    (no amulet)
Stlth  ..........               r - +3 ring of strength
                                k - ring of sustain attributes

@: not resistant to hostile enchantments, extremely unstealthy
A: retaliatory headbutt, horns 2
a: no special abilities


You were on level 4 of the Dungeon.
You were near starving.

You visited 1 branch of the dungeon, and saw 4 of its levels.

You collected 89 gold pieces.

Inventory:

Hand weapons
 a - a +0 long sword (weapon)
Armour
 c - a +0 shield (worn)
 d - a +0 plate armour (worn)
 h - a +0 pair of gloves (worn)
Jewellery
 k - a ring of sustain attributes (left hand)
 r - a +3 ring of strength (right hand)
Scrolls
 b - a scroll of enchant armour {unknown}
 f - 2 scrolls of immolation {unknown}
 g - 5 scrolls of magic mapping {unknown}
 j - a scroll of identify {unknown}
 l - 6 scrolls of remove curse {unknown}
 o - a scroll of teleportation {unknown}
 q - 2 scrolls of enchant weapon {unknown}
 s - a scroll of fog {unknown}
Potions
 i - a potion of mutation {unknown}
 p - a potion of cure mutation {unknown}
Comestibles
 e - 4 bread rations
 m - a royal jelly
 n - a beef jerky
 t - a meat ration


   Skills:
 + Level 5.0 Fighting
 * Level 7.0 Long Blades
 + Level 5.1 Armour
 + Level 5.0 Shields


You had 6 spell levels left.
You didn't know any spells.

Dungeon Overview and Level Annotations

Branches:
Dungeon (4/15)
 Temple: D:4-7

Altars:
Elyvilon
Qazlal


Innate Abilities, Weirdness & Mutations

You reflexively headbutt those who attack you in melee.
You have a pair of horns on your head.


Message History

The orc throws a tomahawk.
The tomahawk barely misses you. You block the kobold's attack.
The orc priest mumbles some strange prayers to Beogh against you.
Something smites you! The orc hits you but does no damage.
You block the kobold's attack.
Items here: ))) †† a club; a mace; a dagger; an orc corpse; an orc corpse You block the orc's attack.
The kobold hits you but does no damage.
You see here a glowing purple potion.
You completely miss the orc priest. You headbutt the orc priest.
The orc priest is lightly wounded.
The orc priest mumbles some strange prayers to Beogh against you.
Something smites you!
* * * LOW HITPOINT WARNING * * *
The kobold hits you but does no damage. You block the orc's attack.
You hit the orc priest. Your headbutt misses the orc priest.
The orc priest is moderately wounded.
The orc priest calls down the wrath of Beogh upon you.
Something smites you!
You die...

#..... +.....
#..... #.....
#.....##+###
#..........#
#.....o....#
#@o...+
+K)...#
#.....####+#
#...........
#...........
#...........
+........^..
#.(.........
##'######+####


You could see an orc priest, an orc and a kobold.

Vanquished Creatures
  The ghost of ninjanymous the Sneak, an average HaAs (D:4)
  A centaur (D:3)
  The ghost of lennard the Sneak, an average OpWn (D:3)
  A gnoll sergeant (D:3)
  An orc priest (D:4)
  3 gnolls (D:3)
  8 adders
  A worm (D:2)
  3 giant geckos
  2 orcs (D:4)
  2 giant cockroaches (D:1)
  9 hobgoblins
  8 kobolds
  2 quokkas (D:2)
  8 bats
  5 giant newts
  12 goblins
  4 rats
72 creatures vanquished.

Notes
Turn   | Place    | Note
--------------------------------------------------------------
     0 | D:1      | Kisielow the Minotaur Fighter began the quest for the Orb.
     0 | D:1      | Reached XP level 1. HP: 19/19 MP: 0/0
   109 | D:1      | Reached XP level 2. HP: 19/26 MP: 1/1
   620 | D:2      | Reached skill level 4 in Long Blades
   634 | D:2      | Noticed a fire elemental
   636 | D:2      | Found a stormy altar of Qazlal.
   637 | D:2      | Noticed a water elemental
   637 | D:2      | Noticed an earth elemental
   637 | D:2      | Noticed an air elemental
   671 | D:2      | Reached XP level 3. HP: 29/31 MP: 2/2
   927 | D:2      | Reached skill level 5 in Long Blades
  1169 | D:2      | Reached XP level 4. HP: 12/39 MP: 3/3
  2139 | D:3      | Noticed lennard's ghost (average OpWn)
  2172 | D:3      | Reached XP level 5. HP: 25/46 MP: 4/4
  2176 | D:3      | Killed lennard's ghost
  2176 | D:3      | Reached skill level 6 in Long Blades
  2181 | D:3      | Reached XP level 6. HP: 23/52 MP: 5/5
  2991 | D:3      | Found a white marble altar of Elyvilon.
  3258 | D:4      | Noticed ninjanymous's ghost (average HaAs)
  3279 | D:4      | Killed ninjanymous's ghost
  3279 | D:4      | Reached skill level 5 in Armour
  3279 | D:4      | Reached skill level 5 in Shields
  3300 | D:4      | Reached XP level 7. HP: 37/60 MP: 6/6
  3303 | D:4      | Reached skill level 5 in Fighting
  3305 | D:4      | Reached skill level 7 in Long Blades
  3309 | D:4      | Killed from afar by an orc priest

Vault maps used:
D:1:      saegor_arrival_simple_b
D:2:      nicolae_qazlal_style_of_elements, first_bread
D:3:      nicolae_overflow_hidden_temple
D:4:      lemuel_crystal_altar, kennysheep_little_box

Action                   |  1- 3 |  4- 6 |  7- 9 || total
-------------------------+-------+-------+-------++-------
Melee: Long sword        |   110 |   115 |     7 ||   232
  Use: Potion            |       |     2 |       ||     2
  Eat: Chunk             |       |     6 |       ||     6
